 Dungeon Crawl Stone Soup version 0.26-a0-1053-gaff5f71418 (webtiles) character file.

Game seed: 15119159592656671941

212 stormannn the Grave Robber (level 5, 0/38 HPs)
             Began as a Hill Orc Necromancer on Dec 12, 2020.
             Was an Initiate of Vehumet.
             Slain by a gnoll (8 damage)
             ... on level 3 of the Dungeon.
             The game lasted 00:08:37 (5158 turns).

stormannn the Grave Robber (Hill Orc Necromancer)   Turns: 5158, Time: 00:08:38

Health: 0/38       AC:  2    Str: 11    XL:     5   Next: 89%
Magic:  2/10       EV: 12    Int: 16    God:    Vehumet [......]
Gold:   206        SH:  0    Dex: 11    Spells: 5/10 levels left

rFire    . . .     SeeInvis .   b - +0 short sword
rCold    . . .     Faith    .   (no shield)
rNeg     . . .     Spirit   .   a - +0 robe
rPois    .         Reflect  .   (no helmet)
rElec    .         Harm     .   (no cloak)
rCorr    .         Rampage  .   (no gloves)
Will     .....                  (no boots)
Stlth    ++........             (no amulet)
HPRegen  0.12/turn              (no ring)
MPRegen  0.12/turn              (no ring)

@: lethally poisoned (0 -> -3)
A: no striking features
a: Renounce Religion


You were on level 3 of the Dungeon.
You worshipped Vehumet.
Vehumet was noncommittal.
You visited 1 branch of the dungeon, and saw 4 of its levels.

You collected 206 gold pieces.

Inventory:

Hand Weapons
 b - a +0 short sword (weapon)
Armour
 a - a +0 robe (worn)
 d - a +0 kite shield
Jewellery
 k - an uncursed ring of flight {unknown}
Wands
 j - a wand of polymorph (6)
 n - a wand of paralysis (9)
Scrolls
 e - 3 scrolls of remove curse {unknown}
 f - 2 scrolls of teleportation {unknown}
 g - 5 scrolls of identify {unknown}
 i - a scroll of amnesia {unknown}
 o - a scroll of magic mapping {unknown}
Potions
 c - a potion of curing {unknown}
 h - a potion of degeneration {unknown}
 l - a potion of flight {unknown}
 m - a potion of resistance {unknown}


   Skills:
 + Level 2.7 Dodging
 - Level 1.5 Stealth
 * Level 3.3 Spellcasting
 + Level 4.8 Necromancy


You had 5 spell levels left.
You knew the following spells:

 Your Spells              Type           Power        Failure   Level
a - Pain                  Necr           ###.         2%          1
b - Animate Skeleton      Necr           ###...       2%          1
c - Vampiric Draining     Necr           ###.......   8%          3

Your spell library contained the following spells:

 Spells                   Type           Power        Failure   Level
 Animate Dead             Necr           ###.......   24%         4
 Agony                    Necr           ###.....     56%         5


Dungeon Overview and Level Annotations

Branches:
Dungeon (4/15)
 Temple: D:4-7

Altars:
Sif Muna
Vehumet


Message History

Aiming: Pain (safe; 2% risk of failure)
Press: ? - help, Shift-Dir - straight line, f/p - adder
Aim: an adder (heavily wounded, chance to affect: 84%)
The adder writhes in agony!
You kill the adder!
Vehumet accepts your kill.
You feel sick.
Casting: Pain (safe; 2% risk of failure)
Confirm with . or Enter, or press ? or * to list all spells.
Aiming: Pain (safe; 2% risk of failure)
Press: ? - help, Shift-Dir - straight line, f - gnoll
Aim: a gnoll (chance to affect: 84%)
The gnoll barely resists.
The gnoll barely misses you.
Casting: Pain (safe; 2% risk of failure)
Confirm with . or Enter, or press ? or * to list all spells.
Aiming: Pain (safe; 2% risk of failure)
Press: ? - help, Shift-Dir - straight line, f/p - gnoll
Aim: a gnoll (chance to affect: 84%)
The gnoll writhes in agony.
The gnoll hits you!
You die...

.# #................# #..# .#
######..########.# ##.# .#
#..# ##.## #.# .#
#..#######...####.#
.##########..#...........##.#
..>..........#.#####...#.##.#
#########....#.######.##.##.#
####.####.#...(..##.##.##
#.......#.#@##..........#
#.##.##.#.#g##.####.##.##
#.##.##.#.#†##.# #.####
#........>).##.# #.#
#..#.##.#.#.##.# #.#
#..#.##.#....#)####.#
######)......#.(.........#
....h.....#####...#.######
########### ##.##.#


You could see a gnoll.

Vanquished Creatures
  An orc priest (D:3)
  6 adders
  A gnoll (D:3)
  3 worms
  5 dart slugs
  3 leopard geckos
  7 orcs (D:3)
  10 bats
  5 giant cockroaches
  11 goblins
  9 hobgoblins
  4 jackals (D:3)
  8 kobolds
  2 quokkas (D:2)
  3 frilled lizards
  9 rats
87 creatures vanquished.

Notes
Turn   | Place    | Note
-------+----------+-------------------------------------------
     0 | D:1      | stormannn the Hill Orc Necromancer began the quest for the
                  | Orb.
     0 | D:1      | Reached XP level 1. HP: 14/14 MP: 3/3
   293 | D:1      | Reached XP level 2. HP: 16/20 MP: 0/4
   650 | D:1      | Learned a level 1 spell: Animate Skeleton
  1032 | D:1      | Reached XP level 3. HP: 13/26 MP: 1/6
  2102 | D:2      | Found a shimmering blue altar of Sif Muna.
  2681 | D:2      | Reached XP level 4. HP: 23/33 MP: 1/7
  4168 | D:3      | Reached XP level 5. HP: 34/38 MP: 4/9
  4331 | D:3      | Learned a level 3 spell: Vampiric Draining
  4467 | D:3      | Found a radiant altar of Vehumet.
  4635 | D:3      | Became a worshipper of Vehumet
  5158 | D:3      | Slain by a gnoll

Illustrated notes

Levels and vault maps discovered:
D:1:      dpeg_arrival_three_bigger_balls, layout_rooms, minmay_tetromino_l4
D:2:      layout_basic, general_overflow_altar, serial_rivers,
          chequers_serial_rivers_large_a, chequers_serial_rivers_marsh,
          chequers_serial_rivers_marsh, chequers_serial_rivers_micro_b
D:3:      layout_loops_ring, vehumet_crystals
D:4:      layout_layer_cave, uniq_duvessa

Skill      XL: |  1  2  3  4  5 |
---------------+----------------+-----
Spellcasting   | 2 3 |  3.3
Dodging        | 2 |  2.7
Stealth        | |  1.5
Necromancy     | |  4.8

Action                   |  1- 3 |  4- 6 || total
-------------------------+-------+-------++-------
Melee: Short sword       |    25 |     9 ||    34
 Cast: Pain              |    93 |   107 ||   200
       Animate Skeleton  |    20 |    16 ||    36
Armor: Robe              |    10 |     8 ||    18
Dodge: Dodged            |    46 |    27 ||    73

Table legend: (Time is in decaauts)
 A = Elapsed time spent in this place.
 B = Non-inter-level travel time spent in this place.
 C = Inter-level travel time spent in this place.
 D = Time resting spent in this place.
 E = Time spent auto-exploring this place.
 F = Levels seen in this place.
 G = Mean time per level.
                   A        B        C        D        E       F      G
               +--------+--------+--------+--------+--------+-----+--------+
         Total |   5178 |   5094 |     84 |   1848 |   2205 |   4 | 1294.5 |
       Dungeon |   5178 |   5094 |     84 |   1848 |   2205 |   4 | 1294.5 |
               +--------+--------+--------+--------+--------+-----+--------+

Top non-repeatable levels by time:
     D:2: 2053 daAuts
     D:1: 1911 daAuts
     D:3: 1207 daAuts
     D:4: 6 daAuts
